 Dungeon Crawl Stone Soup version 0.22-a0-479-gc6e99f3 (webtiles) character file.

857 Laiders72 the Insei (level 7, -1/58 HPs)
             Began as a Black Draconian Transmuter on June 14, 2018.
             Was an Initiate of Ashenzari.
             Succumbed to a killer bee's poison
             ... on level 8 of the Dungeon.
             The game lasted 00:13:16 (6601 turns).

Laiders72 the Insei (Black Draconian Transmuter)    Turns: 6601, Time: 00:13:16

Health: -1/58      AC:  2    Str: 12    XL:     7   Next: 70%
Magic:  10/12      EV: 21    Int: 15    God:    Ashenzari [......]
Gold:   278        SH:  0    Dex: 17    Spells: 4/13 levels left

rFire    . . .     SeeInvis .     - Unarmed
rCold    . . .     Gourm    .   (shield currently unavailable)
rNeg     . . .     Faith    .   (armour unavailable)
rPois    x         Spirit   .   (helmet currently unavailable)
rElec    .         Reflect  .   (cloak currently unavailable)
rCorr    .         Harm     .   (gloves currently unavailable)
MR       .....                  (boots currently unavailable)
Stlth    ++........             (no amulet)
HPRegen  0.19/turn              (no ring)
MPRegen  0.13/turn              (no ring)

@: lethally poisoned (-1 -> -24), spider-form (expiring)
A: tiny, (breathe lightning), unfitting armour, AC +6
a: End Transformation, Curse Item, Renounce Religion


You were on level 8 of the Dungeon.
You worshipped Ashenzari.
Ashenzari was noncommittal.
You were very hungry.
You were a venomous arachnid creature.
You visited 1 branch of the dungeon, and saw 6 of its levels.

You collected 278 gold pieces.

Inventory:

Missiles
 a - 70 arrows
Armour
 l - a +0 pair of boots (melded)
 o - a scarf of resistance (melded)
Jewellery
 u - an uncursed ring of fire
Wands
 i - a wand of clouds (4)
Scrolls
 d - 2 scrolls of amnesia {unknown}
 e - 6 scrolls of remove curse
 g - a scroll of enchant armour {unknown}
 h - a scroll of noise {unknown}
 p - a scroll of blinking {unknown}
Potions
 b - a potion of cancellation
 f - a potion of might {unknown}
 k - a potion of haste {unknown}
 m - a potion of agility {unknown}
 n - a potion of berserk rage {unknown}
 q - a potion of brilliance {unknown}
 r - a potion of lignification {unknown}
 s - 3 potions of flight
Comestibles
 c - 10 rations


   Skills:
 + Level 3.6 Fighting
 + Level 3.7 Dodging
 - Level 5.0 Unarmed Combat
 + Level 3.7 Spellcasting
 + Level 1.4 Conjurations
 + Level 3.7 Transmutations
 + Level 1.7 Air Magic
 - Level 2.1 Poison Magic


You had 4 spell levels left.
You knew the following spells:

 Your Spells              Type           Power        Failure   Level  Hunger
a - Beastly Appendage     Tmut           ##....       13%         1    None
b - Sticks to Snakes      Tmut           ##......     17%         2    ##.....
c - Spider Form           Tmut/Pois      ##........   36%         3    ###....
d - Mephitic Cloud        Conj/Pois/Air  #.......     50%         3    ###....

Your spell library contained the following spells:

 Spells                   Type           Power        Failure   Level  Hunger
 Magic Dart               Conj           #...         26%         1    None
 Conjure Flame            Conj/Fire      #.......     61%         3    ###....
 Slow                     Hex            #.......     50%         2    ##.....
 Blink                    Tloc           N/A          50%         2    ##.....
 Call Imp                 Summ           #.......     50%         2    ##.....
 Blade Hands              Tmut           ##........   88%         5    ######.
 Ice Form                 Ice/Tmut       #.......     83%         4    ####...


Dungeon Overview and Level Annotations

Branches:
Dungeon (5/15)
 Temple: D:4-7

Altars:
Ashenzari
Gozag
Trog
Uskayaw
Vehumet
The Shining One


Innate Abilities, Weirdness & Mutations

((You can breathe wild blasts of lightning.))
((Your glossy black scales are hard. (AC +6)))
You cannot fit into any form of body armour.
((You are resistant to electric shocks. (rElec)))
((You are cold-blooded and may be slowed by cold attacks.))


Message History

The killer bee poisons you! The killer bee completely misses you.
* * * LOW HITPOINT WARNING * * *
You feel sick. The killer bee barely misses you.
The killer bee closely misses you. The killer bee barely misses you.
* * * LOW HITPOINT WARNING * * *
You feel very sick. The killer bee barely misses you.
The killer bee stings you!
* * * LOW HITPOINT WARNING * * *
The killer bee completely misses you.
* * * LOW HITPOINT WARNING * * *
You feel very sick. The killer bee misses you.
The killer bee completely misses you. The killer bee misses you.
* * * LOW HITPOINT WARNING * * *
You feel sick.
You kill the killer bee!
Training target 5.0 for Unarmed Combat reached!
Your Unarmed Combat skill increases to level 5!
The killer bee misses you. The killer bee closely misses you.
You die...

#### #####
####...##...##
.......#.....#
.......'.....#
.......#.....#
.......#.....#
..##...##.†y######
. #...
#..y.s...######
....
#.....#........
.....
#.....#.......#
......
#.....#.......#
##+####..##...#
#..# #### .....
........
..........#


You could see 2 killer bees.

Vanquished Creatures
  A sky beast (D:5)
  A phantom (D:5)
  An ogre (D:4)
  A killer bee (D:8)
  A crimson imp (D:5)
  A centaur skeleton (D:5)
  2 orc priests (D:3)
  2 hounds (D:5)
  A bullfrog skeleton (D:4)
  Natasha (thrice) (D:3)
  An orc wizard (D:4)
  2 worker ants
  A hound skeleton (D:4)
  7 adders
  An ooze (D:3)
  A worm (D:2)
  5 dart slugs
  3 leopard geckos
  12 orcs
  8 bats
  4 giant cockroaches
  7 goblins
  5 hobgoblins
  6 jackals
  5 kobolds
  5 quokkas
  A ball python (D:2)
  4 frilled lizards
  11 rats
103 creatures vanquished.

Vanquished Creatures (collateral kills)
  An orc wizard (D:3)
  A worm (D:2)
  An orc (D:3)
3 creatures vanquished.

Grand Total: 106 creatures vanquished

Notes
Turn   | Place    | Note
-------+----------+-------------------------------------------
     0 | D:1      | Laiders72 the Draconian Transmuter began the quest for the Orb.
     0 | D:1      | Reached XP level 1. HP: 16/16 MP: 3/3
   362 | D:1      | Reached XP level 2. HP: 15/23 MP: 5/5
   749 | D:1      | HP: 1/23 [jackal (1)]
   758 | D:1      | HP: 1/23 [jackal (1)]
  1076 | D:1      | Learned a level 2 spell: Sticks to Snakes
  1130 | D:1      | Reached XP level 3. HP: 27/28 MP: 6/6
  2032 | D:2      | Reached XP level 4. HP: 36/36 MP: 7/7
  2055 | D:2      | Learned a level 3 spell: Spider Form
  2442 | D:3      | Reached skill level 4 in Unarmed Combat
  2467 | D:3      | Reached XP level 5. HP: 17/41 MP: 4/9
  2733 | D:3      | Reached skill level 1 in Poison Magic
  3322 | D:3      | Noticed Natasha
  3339 | D:3      | Killed Natasha
  3787 | D:3      | Noticed Natasha
  3795 | D:3      | Killed Natasha
  3795 | D:3      | Reached XP level 6. HP: 32/50 MP: 10/10
  4017 | D:3      | Noticed Natasha
  4031 | D:3      | Killed Natasha
  4315 | D:4      | Found a shattered altar of Ashenzari.
  4347 | D:4      | Became a worshipper of Ashenzari the Shackled
  4816 | D:4      | Found a glowing golden altar of the Shining One.
  5190 | D:4      | Found a hide-covered altar of Uskayaw.
  5193 | D:4      | Found a bloodstained altar of Trog.
  5196 | D:4      | Found an opulent altar of Gozag.
  5199 | D:4      | Found a radiant altar of Vehumet.
  5449 | D:5      | Entered Level 5 of the Dungeon
  5529 | D:5      | Your scales start taking on a glossy black colour.
  5529 | D:5      | Reached XP level 7. HP: 29/57 MP: 7/12
  5529 | D:5      | Gained mutation: You are resistant to electric shocks. (rElec) [Black Draconian growth]
  5711 | D:5      | Learned a level 3 spell: Mephitic Cloud
  6051 | D:5      | Reached skill level 1 in Air Magic
  6331 | D:5      | Reached skill level 1 in Conjurations
  6567 | D:5      | You fall through a shaft for 3 floors!
  6600 | D:8      | HP: 1/57 [poisoned by a killer bee]
  6600 | D:8      | Reached skill level 5 in Unarmed Combat
  6601 | D:8      | Succumbed to a killer bee's poison

Vault maps used:
D:1:      nzn_arrival_crosshair, serial_forest, infiniplex_forest_corner_1,
          infiniplex_forest_clump_curved, infiniplex_forest_end_2,
          infiniplex_forest_lined_3, infiniplex_forest_lined_3,
          infiniplex_forest_clump_small, infiniplex_forest_end_double,
          infiniplex_forest_clump_diagonal, infiniplex_forest_lined_3,
          hangedman_decor_push, item_on_display_a
D:2:      first_ration
D:3:      uniq_natasha
D:4:      old_standard_altar, grunt_temple_overflow_cloverleaf, tso_metal_star
D:8:      nemelex_xobeh_ov_fountains_minmay, uniq_erica

Skill      XL: |  1  2  3  4  5  6  7 |
---------------+----------------------+-----
Dodging        | 2 3 |  3.7
Fighting       | 2 3 |  3.6
Unarmed Combat | 4 5 |  5.0
Poison Magic   | 1 2 |  2.1
Spellcasting   | 3 |  3.7
Transmutations | 3 |  3.7
Air Magic      | 1 |  1.7
Conjurations   | 1 |  1.4

Action                   |  1- 3 |  4- 6 |  7- 9 || total
-------------------------+-------+-------+-------++-------
Melee: Unarmed           |   205 |   286 |   150 ||   641
       Tailslap          |    17 |    27 |    12 ||    56
       Punch             |     1 |     4 |       ||     5
       Kick              |     9 |       |       ||     9
       Headbutt          |     1 |     1 |       ||     2
 Cast: Beastly Appendage |     4 |     2 |       ||     6
       Sticks to Snakes  |     4 |     5 |       ||     9
       Spider Form       |       |     8 |     2 ||    10
  Use: Potion            |     1 |       |       ||     1
       Scroll            |       |     4 |     1 ||     5
 Stab: Sleeping          |     2 |       |       ||     2
  Eat: Chunk             |     3 |    13 |     3 ||    19
Armor: Skin              |    88 |    75 |    66 ||   229
Dodge: Dodged            |   221 |   172 |    91 ||   484

Table legend:
 A = Spawn XP
 B = Non-spawn XP
 C = Spawn XP percentage of total XP
 D = Spawn monster count
 E = Non-spawn monster count
 F = Spawn count percentage of total count
 G = Total turns spent on level
                    A         B        C        D         E        F      G
               +---------+---------+-------+---------+---------+-------+---------
         Total |       0 |    1225 |   0.0 |       0 |     106 |   0.0 |  6601
               +---------+---------+-------+---------+---------+-------+---------
           D:1 |       0 |      49 |   0.0 |       0 |      25 |   0.0 |  1467
           D:2 |       0 |      79 |   0.0 |       0 |      18 |   0.0 |   904
           D:3 |       0 |     317 |   0.0 |       0 |      35 |   0.0 |  1771
           D:4 |       0 |     249 |   0.0 |       0 |      18 |   0.0 |  1307
           D:5 |       0 |     465 |   0.0 |       0 |       9 |   0.0 |  1118
           D:8 |       0 |      66 |   0.0 |       0 |       1 |   0.0 |    34
               +---------+---------+-------+---------+---------+-------+---------
